Map: Echo LE

Players

herO

  • Race: Protoss Protoss
  • Spawn Location: 5:00

Stats - Winner!

  • Race: Protoss Protoss
  • Spawn Location: 11:00

Event: IEM Season 11 - Gyeonggi

VOD

https://www.youtube.com/watch?v=jeU6zrj6WFA

Description

Time

  • Played on: Dec. 13, 2016, 11:35 p.m.
  • Length: 11:36

All games in this series

Show
View Real Time Build Order
Export as new Build Order

herO Protoss 

Build Orders:  

Get SALT Encoding   

  12  0:01  Probe (Chrono Boost)  
  13  0:11  Probe (Chrono Boost)  
  14  0:17  Pylon  
  14  0:22  Probe (Chrono Boost)  
  16  0:35  Probe (Chrono Boost)  
  16  0:36  Gateway  
  16  0:42  Assimilator  
  16  0:46  Probe (Chrono Boost)  
  17  0:50  Assimilator  
  17  0:56  Probe (Chrono Boost)  
  18  1:07  Probe (Chrono Boost)  
  18  1:10  Gateway  
  19  1:17  Probe (Chrono Boost)  
  20  1:25  Cybernetics Core  
  20  1:28  Probe (Chrono Boost)  
  21  1:36  Pylon  
  21  1:38  Probe (Chrono Boost)  
  22  1:49  Probe (Chrono Boost)  
  23  2:01  Warp Gate (Chrono Boost), Stalker x2  
  27  2:12  Robotics Facility  
  27  2:31  Stalker x2  
  31  2:37  Gateway  
  31  2:44  Pylon  
  30  3:02  Immortal  
  34  3:14  Stalker  
  34  3:15  Stalker  
  38  3:24  Pylon  
  32  3:41  Warp Prism (Chrono Boost)  
  34  3:50  Sentry  
  34  3:52  Stalker, Sentry  
  40  4:15  Stalker x2  
  44  4:17  Adept  
  46  4:43  Stalker  
  46  4:45  Stalker  
  42  4:59  Stalker  
  36  5:11  Warp Prism (Chrono Boost)  
  30  5:15  Adept x2  
  30  5:26  Adept  
  30  5:27  Mothership Core  
  32  5:37  Adept  
  32  5:38  Pylon, Adept  
  35  5:54  Gateway  
  33  6:05  Probe  
  33  6:10  Sentry x2  
  37  6:16  Probe  
  38  6:25  Nexus  
  38  6:29  Probe  
  37  6:39  Probe  
  33  6:41  Pylon  
  33  6:42  Sentry  
  36  6:51  Probe  
  37  6:57  Adept  
  37  6:58  Adept  
  41  7:02  Probe  
  42  7:11  Robotics Facility  
  42  7:13  Probe  
  43  7:23  Probe  
  43  7:28  Twilight Council  
  44  7:35  Adept  
  41  7:37  Adept  
  41  7:40  Probe  
  41  7:45  Probe  
  41  7:50  Probe  
  42  7:55  Probe  
  44  8:03  Probe  
  44  8:04  Observer (Chrono Boost)  
  46  8:06  Probe  
  46  8:10  Dark Shrine  
  47  8:14  Probe  
  47  8:16  Probe  
  53  8:28  Probe x2  
  53  8:29  Assimilator  
  53  8:31  Assimilator  
  51  8:34  Phoenix  
  51  8:36  Robotics Bay  
  51  8:39  Probe x2  
  53  8:45  Gateway  
  53  8:50  Probe x2  
  53  8:54  Immortal (Chrono Boost)  
  59  9:02  Resonating Glaives (Chrono Boost)  
  59  9:11  Gateway  
  59  9:20  Pylon  
  59  9:22  Forge  
  59  9:31  Dark Templar x2  
  63  9:38  Stalker  
  63  9:47  Disruptor  
  63  9:58  Probe x2  
  63  10:10  Probe x2  
  63  10:18  Disruptor  
  63  10:28  Pylon  
  66  10:31  Pylon  
  66  10:32  Adept x2  
  70  10:42  Nexus  
  70  10:50  Disruptor  
  70  10:53  Pylon  
  73  10:58  Probe x2  
  75  11:07  Adept x2  
  75  11:08  Adept  
  79  11:13  Sentry  
  75  11:25  Dark Templar  
Show
View Real Time Build Order
Export as new Build Order

Stats Protoss - Winner!

Build Orders:  

Get SALT Encoding   

  12  0:00  Probe (Chrono Boost)  
  13  0:11  Probe (Chrono Boost)  
  14  0:17  Pylon  
  14  0:22  Probe (Chrono Boost)  
  16  0:35  Gateway, Probe (Chrono Boost)  
  16  0:41  Assimilator  
  16  0:46  Probe (Chrono Boost)  
  17  0:50  Assimilator  
  17  0:56  Probe (Chrono Boost)  
  18  1:07  Gateway, Probe (Chrono Boost)  
  19  1:18  Probe (Chrono Boost)  
  20  1:23  Cybernetics Core  
  20  1:28  Probe (Chrono Boost)  
  20  1:30  Pylon  
  21  1:39  Probe (Chrono Boost)  
  22  1:49  Probe (Chrono Boost)  
  23  1:59  Warp Gate (Chrono Boost), Stalker x2, Probe (Chrono Boost)  
  28  2:03  Pylon  
  28  2:12  Mothership Core  
  30  2:29  Stalker  
  32  2:30  Stalker  
  32  2:36  Probe  
  35  2:53  Nexus  
  35  3:02  Probe  
  35  3:03  Sentry  
  35  3:05  Pylon  
  38  3:16  Robotics Facility  
  38  3:19  Probe  
  36  3:45  Gateway  
  36  3:46  Stalker  
  36  3:47  Stalker  
  43  4:12  Stalker x2  
  45  4:22  Pylon  
  45  4:26  Immortal (Chrono Boost)  
  45  4:38  Pylon  
  45  4:43  Stalker x2  
  32  4:52  Probe  
  32  4:54  Probe  
  30  5:12  Probe  
  30  5:14  Zealot, Stalker, Probe  
  32  5:28  Pylon  
  32  5:38  Adept x2  
  36  5:44  Probe  
  36  6:00  Probe (Chrono Boost)  
  36  6:01  Probe (Chrono Boost)  
  38  6:06  Sentry x2  
  42  6:12  Probe (Chrono Boost)  
  42  6:14  Probe (Chrono Boost)  
  43  6:28  Probe (Chrono Boost)  
  45  6:32  Probe (Chrono Boost)  
  45  6:39  Probe (Chrono Boost)  
  45  6:43  Probe (Chrono Boost)  
  45  6:45  Observer  
  47  6:50  Probe (Chrono Boost)  
  47  6:51  Sentry  
  47  6:54  Probe (Chrono Boost)  
  51  7:00  Probe (Chrono Boost)  
  52  7:06  Probe (Chrono Boost)  
  53  7:11  Probe (Chrono Boost)  
  53  7:12  Immortal (Chrono Boost)  
  58  7:15  Probe (Chrono Boost)  
  58  7:22  Probe  
  60  7:25  Pylon  
  60  7:33  Probe  
  60  7:34  Probe  
  60  7:43  Probe  
  58  7:46  Probe  
  58  7:49  Immortal (Chrono Boost)  
  62  7:52  Twilight Council  
  62  7:55  Pylon  
  62  7:58  Probe x2  
  64  8:06  Pylon  
  64  8:08  Probe  
  64  8:10  Probe  
  66  8:21  Stalker x2  
  70  8:28  Probe  
  70  8:29  Probe, Warp Prism (Chrono Boost)  
  70  8:31  Blink (Chrono Boost)  
  72  8:37  Assimilator  
  72  8:39  Assimilator  
  72  8:41  Probe  
  75  8:45  Probe  
  75  8:48  Forge  
  76  8:53  Probe  
  77  8:55  Pylon  
  77  8:57  Probe  
  78  9:05  Probe  
  79  9:14  Stalker x2  
  79  9:15  Stalker  
  85  9:20  Photon Cannon  
  85  9:21  Protoss Ground Weapons Level 1 (Chrono Boost)  
  85  9:29  Photon Cannon  
  85  9:39  Stalker x2  
  85  9:40  Stalker  
  93  10:06  Pylon  
  91  10:07  Stalker, Pylon  
  91  10:08  Observer  
  91  10:09  Pylon  
  94  10:16  Gateway  
  94  10:18  Gateway  
  94  10:21  Gateway  
  94  10:25  Nexus  
  94  10:30  Sentry x3  
  100  10:56  Stalker x2  
  100  10:57  Stalker  
  98  11:27  Stalker x2, Pylon  
  98  11:28  Stalker x3  
  98  11:29  Stalker  

Tags
 
Add a new tag
Caveats
  • Supply blocks, unpowered buildings, or Contaminate may cause inaccurate times.
  • Supply counts are checked every 10 seconds.